Map: Dusk Towers

Players

ShadowRaven - Winner!

  • Race: Terran Terran
  • League: Platinum

A.I. 1 (Very Easy)

  • Race: Zerg Zerg

VOD

Have the link to the VOD?

Description

Demonstrates a basic Terran opener that can be used in any matchup. This build order is supposed to be a basic opener that can be learned by beginners, and will likely lose against well executed, matchup-specific build orders.

Time

  • Played on: Feb. 27, 2016, 5:03 p.m.
  • Length: 10:00
Show
View Real Time Build Order
Export as new Build Order

ShadowRaven Terran - Winner!

Build Orders: MMM Bio 

Get SALT Encoding   

  12  0:01  SCV  
  13  0:13  SCV  
  14  0:17  Supply Depot  
  14  0:25  SCV  
  15  0:39  SCV  
  15  0:40  Barracks  
  16  0:51  SCV  
  17  1:03  SCV  
  18  1:15  SCV  
  19  1:20  Command Center  
  19  1:29  Orbital Command  
  19  1:31  Marine  
  20  1:39  Supply Depot  
  20  1:49  Marine  
  21  1:55  SCV  
  22  2:05  Barracks  
  22  2:06  Barracks  
  22  2:08  Marine  
  22  2:10  SCV  
  24  2:19  Refinery  
  24  2:20  Refinery  
  24  2:22  SCV  
  25  2:26  Marine  
  26  2:34  SCV  
  26  2:36  Orbital Command  
  27  2:44  Marine  
  27  2:46  SCV  
  29  2:53  Marine  
  29  2:54  Barracks Tech Lab  
  31  2:58  SCV  
  31  3:03  SCV  
  31  3:05  Marine  
  33  3:10  Supply Depot, SCV  
  34  3:13  Marine x2, Stimpack  
  34  3:15  SCV  
  37  3:22  SCV  
  37  3:26  Marine  
  39  3:28  SCV  
  39  3:30  Factory  
  40  3:34  SCV  
  40  3:36  Marine x2  
  43  3:42  SCV  
  43  3:47  SCV  
  45  3:52  Barracks Reactor  
  45  3:54  Barracks Reactor  
  45  3:55  Command Center  
  45  3:58  Marine  
  45  4:00  SCV  
  45  4:02  Supply Depot  
  47  4:03  SCV  
  47  4:08  Refinery  
  47  4:09  Refinery  
  48  4:12  SCV  
  49  4:17  Starport  
  49  4:18  Factory Reactor  
  49  4:20  Marine  
  49  4:22  SCV  
  51  4:24  Supply Depot  
  51  4:32  SCV  
  51  4:34  SCV  
  51  4:37  Marine x3  
  51  4:38  Marine  
  57  4:40  Supply Depot  
  57  4:44  SCV  
  58  4:47  Supply Depot, Marine  
  58  4:48  SCV  
  60  4:57  Marine x2  
  62  5:00  Medivac x2  
  62  5:04  SCV x2  
  68  5:09  Orbital Command  
  68  5:14  Combat Shields  
  68  5:15  Marine x4  
  68  5:18  Marine  
  68  5:21  SCV x2  
  75  5:32  Engineering Bay  
  75  5:33  Engineering Bay, SCV x2  
  75  5:35  Orbital Command  
  77  5:36  Medivac  
  77  5:37  Medivac  
  81  5:45  SCV  
  81  5:46  Marine x5  
  87  5:51  Supply Depot  
  87  5:53  SCV  
  88  5:57  SCV  
  88  6:01  Terran Infantry Armor Level 1  
  88  6:03  Terran Infantry Weapons Level 1  
  89  6:05  SCV  
  89  6:06  SCV  
  89  6:09  Supply Depot, SCV  
  92  6:13  Marine  
  92  6:16  Supply Depot  
  92  6:17  Marine x4, SCV  
  99  6:18  SCV  
  99  6:21  Medivac  
  99  6:24  Medivac  
  103  6:25  SCV  
  103  6:29  SCV  
  103  6:30  SCV  
  103  6:31  Marine  
  107  6:35  Marine  
  107  6:38  SCV  
  107  6:39  Barracks x2  
  109  6:41  Supply Depot  
  109  6:43  Marine x3  
  112  6:47  SCV x2  
  112  6:51  Medivac  
  112  6:53  Medivac  
  118  6:55  SCV  
  118  6:57  Marine x2  
  121  7:02  Marine x2, Command Center  
  121  7:03  Marine  
  121  7:08  SCV x2  
  125  7:10  Refinery  
  125  7:11  Refinery, SCV  
  127  7:18  Supply Depot  
  127  7:19  Supply Depot  
  127  7:20  SCV x2  
  129  7:23  Marine x3, Armory, SCV  
  133  7:32  Barracks Tech Lab, Barracks Reactor  
  133  7:38  Marine, Medivac, SCV x3  
  133  7:39  Supply Depot  
  133  7:40  Supply Depot  
  139  7:46  Marine x3  
  139  7:50  SCV  
  143  7:53  Concussive Shells, Barracks x2  
  143  7:55  Barracks  
  143  7:57  Marauder x2  
  147  8:07  SCV  
  147  8:08  SCV x2  
  147  8:10  Supply Depot x2  
  147  8:11  Marine x3  
  147  8:12  Marine  
  154  8:18  Planetary Fortress  
  154  8:27  Marine x3  
  154  8:28  Medivac x2, Marauder  
  163  8:39  Marine x2  
  165  8:45  Marine x3  
  165  8:46  Marine, Barracks Reactor  
  165  8:47  Barracks Reactor  
  169  8:48  Barracks Tech Lab  
  169  8:54  Marauder x2  
  173  8:58  Medivac  
  173  9:01  Starport  
  175  9:04  Refinery, Starport  
  175  9:05  Refinery  
  175  9:07  Marine x5  
  182  9:10  Marauder  
  182  9:20  Marine  
  182  9:21  Medivac, Marauder x2  
  189  9:26  Marine  
  189  9:27  Marine x8  
  200  9:49  Starport Reactor, Starport Tech Lab  
  200  9:55  Fusion Core  
Show
View Real Time Build Order
Export as new Build Order

A.I. 1 (Very Easy) Zerg 

Build Orders: Pool First 

Get SALT Encoding   

  12  0:01  Drone  
  13  0:12  Overlord  
  13  0:17  Drone  
  14  0:35  Spawning Pool  
  14  0:37  Extractor  
  14  0:39  Drone  
  13  0:47  Drone  
  14  0:51  Overlord  
  14  1:22  Queen  
  14  1:23  Zergling x2  
  17  1:30  Roach Warren  
  16  1:33  Drone  
  16  1:38  Extractor  
  16  1:41  Drone  
  17  1:51  Zergling x2  
  18  2:00  Drone  
  19  2:07  Drone  
  20  2:16  Drone  
  20  2:19  Zergling x2  
  22  2:27  Overlord  
  22  2:29  Drone  
  23  2:36  Drone  
  24  2:43  Drone  
  25  2:47  Roach  
  27  6:19  Zergling x2  
  27  7:19  Drone  
  27  7:20  Lair  
  28  7:26  Hatchery  
  28  7:27  Drone  
  28  7:28  Zergling x2  
  24  7:34  Drone  
  25  7:42  Drone  
  26  7:49  Drone  
  27  7:56  Drone  
  27  8:06  Overlord  
  27  8:11  Roach  
  29  8:18  Overseer x2  
  29  8:39  Drone  
  30  8:44  Overseer, Overlord  
  30  8:46  Drone, Extractor  
  28  8:51  Extractor  
  28  8:53  Drone, Zergling x2  
  29  9:00  Drone  
  30  9:05  Overlord  
  30  9:07  Drone  
  31  9:15  Drone  
  31  9:17  Overlord  
  23  9:36  Drone, Overlord  
Tags
 
Composition
MMM Bio
League
Platinum
Matchup
TvZ
Opening
Pool First
Add a new tag
Caveats
  • Supply blocks, unpowered buildings, or Contaminate may cause inaccurate times.
  • Supply counts are checked every 10 seconds.